 Dungeon Crawl Stone Soup version 0.32-a0-391-gce5c0aab1b (webtiles) character file.

Game seed: 15790445603936785573

1699410 ragingrage the Acrobat (level 24, 228/228 HPs)
             Began as a Demigod Brigand on Feb 20, 2024.
             Escaped with the Orb
             ... and 3 runes!
             The game lasted 02:11:10 (64696 turns).

ragingrage the Acrobat (Demigod Brigand)           Turns: 64696, Time: 02:11:10

Health: 228/228    AC: 12    Str: 16    XL:     24   Next: 40%
Magic:  35/35      EV: 52    Int: 24    God:
Gold:   3877       SH: 12    Dex: 42    Spells: 18/33 levels left

rFire   + + .        a - +9 quick blade (freeze)
rCold   + + .        V - +3 buckler {AC+3}
rNeg    + . .        F - melded +6 faerie dragon scales {rPois rN+ rCorr Stlth-}
rPois   +            m - -2 hat of the Alchemist {rElec rPois rF+ rC+ rN+ Will+ rMut rCorr}
rElec   +            c - +2 cloak
rCorr   +            i - +0 pair of fencer's gloves {Riposte Dex+3}
SInv    +            O - +2 pair of boots {rampage}
Will    +++..        A - amulet of regeneration
Stlth   +++          x - ring "Taad" {rC+ AC+4 Int+3}
HPRegen 1.38/turn    C - ring of Xuureiwn {rF+ EV+5 Str+4 SInv}
MPRegen 0.24/turn

%: resist mutation, rampage
@: maw-form
A: devouring maw, high MP 1, forlorn, divine attributes
0: Orb of Zot
}: 3/15 runes: barnacled, abyssal, gossamer
a: Begin Untransformation


You escaped.
You were a creature with a mouth for a stomach.
You visited 9 branches of the dungeon, and saw 46 of its levels.
You visited the Abyss 5 times.
You visited 2 bazaars.
You also visited: Sewer, Gauntlet, Ice Cave, Volcano, Wizlab and Desolation.

You collected 8444 gold pieces.
You spent 4567 gold pieces at shops.

Inventory:

Hand Weapons
 a - a +9 quick blade of freezing (weapon)
 b - a +8 antimagic quick blade
 y - a +1 quick blade of distortion
Missiles
 e - 19 curare-tipped darts
 o - 2 throwing nets (quivered)
Armour
 c - a +2 cloak (worn)
 i - the +0 pair of fencer's gloves (worn) {Riposte Dex+3}
   (You bought it in a shop on level 12 of the Dungeon)

   Riposte:   It allows the wearer to riposte with melee weapons, swiftly
   retaliating against missed or blocked melee attacks.
   Dex+3:     It affects your dexterity (+3).
 m - the -2 hat of the Alchemist (worn) {rElec rPois rF+ rC+ rN+ Will+ rMut rCorr}
   (You bought it in a shop on level 2 of the Elven Halls)

   rF+:       It protects you from fire.
   rC+:       It protects you from cold.
   rElec:     It insulates you from electricity.
   rPois:     It protects you from poison rN+: It protects you from negative
   energy.
   Will+:     It increases your willpower.
   rCorr:     It protects you from acid and corrosion.
   rMut:      It protects you from mutation.
 F - the +6 faerie dragon scales (melded) {rPois rN+ rCorr Stlth-}
   (You took it off the Enchantress on level 3 of the Depths)

   rPois:     It protects you from poison rN+: It protects you from negative
   energy.
   rCorr:     It protects you from acid and corrosion.
   Stlth-:    It makes you less stealthy.
 O - a +2 pair of boots of rampaging (worn)
 V - a +3 buckler of protection (worn)
Jewellery
 g - a ring of see invisible
 n - the ring of Jonogg {rC+ AC+4}
   (You bought it in a shop in a bazaar)

   [ring of protection]

   AC+4:      It affects your AC (+4).
   rC+:       It protects you from cold.
 s - the ring "Majy" {rF+ rC++ rCorr}
   (You took it off a servant of whispers in the Desolation of Salt)

   [ring of protection from fire]

   rF+:       It protects you from fire.
   rC++:      It greatly protects you from cold.
   rCorr:     It protects you from acid and corrosion.
 x - the ring "Taad" (left hand) {rC+ AC+4 Int+3}
   (You took it off an ironbound convoker in the Desolation of Salt)

   [ring of protection]

   AC+4:      It affects your AC (+4).
   Int+3:     It affects your intelligence (+3).
   rC+:       It protects you from cold.
 A - an amulet of regeneration (around neck)
 C - the ring of Xuureiwn (right hand) {rF+ EV+5 Str+4 SInv}
   (You took it off a red draconian on level 4 of the Realm of Zot)

   [ring of evasion]

   EV+5:      It affects your evasion (+5).
   Str+4:     It affects your strength (+4).
   rF+:       It protects you from fire.
   SInv:      It lets you see invisible.
 D - the ring "Wom Rutsazi" {+Blink Will+ Int+3 Dex+2}
   (You found it on level 3 of the Realm of Zot)

   [ring of willpower]

   Int+3:     It affects your intelligence (+3).
   Dex+2:     It affects your dexterity (+2).
   Will+:     It increases your willpower.
   +Blink:    It lets you blink.
Talismans
 w - a maw talisman (active)
Wands
 f - a wand of polymorph (19)
 q - a wand of roots (27)
 E - a wand of paralysis (64)
 J - a wand of light (46)
 S - a wand of digging (2)
 W - a wand of flame (94)
Scrolls
 d - 18 scrolls of teleportation
 h - 7 scrolls of blinking
 k - 4 scrolls of enchant armour
 l - 3 scrolls of silence
 p - 9 scrolls of noise
 B - 4 scrolls of summoning
 G - 5 scrolls of poison
 H - 2 scrolls of revelation
 K - 9 scrolls of fog
 M - 3 scrolls of fear
 N - 7 scrolls of vulnerability
 R - 3 scrolls of immolation
Potions
 j - 5 potions of enlightenment
 r - 3 potions of cancellation
 t - 14 potions of curing
 u - 7 potions of haste
 v - 5 potions of attraction
 z - 7 potions of berserk rage
 P - 11 potions of ambrosia
 Q - 7 potions of heal wounds
 T - 3 potions of magic
 U - 6 potions of brilliance
 X - 5 potions of might
 Y - 13 potions of mutation
 Z - 6 potions of resistance
Miscellaneous
 I - a sack of spiders
 L - a phial of floods


   Skills:
 - Level 21.0 Fighting
 - Level 14.0 Short Blades
 - Level 5.6 Axes
 - Level 2.0 Throwing
 + Level 22.0 Dodging
 - Level 14.0 Stealth
 - Level 6.0 Shields
 - Level 5.0 Spellcasting
 - Level 14.0 Necromancy
 - Level 5.0 Translocations
 - Level 5.0 Earth Magic
 - Level 13.0 Evocations
 - Level 15.0 Shapeshifting


You had 18 spell levels left.
You knew the following spells:

 Your Spells              Type           Power      Damage    Failure   Level
a - Death Channel         Necr           32%        N/A       5%          6
b - Animate Dead          Necr           65%        N/A       1%          4
c - Passwall              Erth           30%        N/A       4%          3
d - Blink                 Tloc           60%        N/A       2%          2

Your spell library contained the following spells:

 Spells                   Type           Power      Damage    Failure   Level
 Apportation              Tloc           60%        N/A       1%          1
 Kiss of Death            Conj/Necr      100%       2d13      1%          1
 Necrotise                Necr           100%       1d9       1%          1
 Vampiric Draining        Necr           65%        2d10      1%          3
 Dispel Undead            Necr           65%        3d22      1%          4
 Cigotuvi's Dreadful Rot  Necr/Alch/Air  56%        N/A       2%          2
 Lesser Beckoning         Tloc           60%        N/A       2%          2
 Gell's Gravitas          Tloc           30%        N/A       4%          3
 Teleport Other           Tloc           30%        N/A       4%          3
 Momentum Strike          Conj/Tloc      36%        3d9       6%          2
 Anguish                  Hex/Necr       19%        N/A       6%          4
 Martyr's Knell           Necr/Summ      39%        N/A       6%          4
 Magic Dart               Conj           24%        1d4       11%         1
 Shock                    Conj/Air       24%        1d4       11%         1
 Slow                     Hex            24%        N/A       11%         1
 Sting                    Conj/Alch      24%        1d4       11%         1
 Summon Small Mammal      Summ           24%        N/A       11%         1
 Stone Arrow              Conj/Erth      36%        3d9       12%         3
 Manifold Assault         Tloc           30%        N/A       14%         4
 Passage of Golubria      Tloc           30%        N/A       14%         4
 Ensorcelled Hibernation  Hex/Ice        12%        N/A       17%         2
 Jinxbite                 Hex            12%        N/A       17%         2
 Scorch                   Fire           12%        2d5       17%         2
 Searing Ray              Conj           12%        2d4       17%         2
 Static Discharge         Conj/Air       12%        3-4/arc   17%         2
 Call Canine Familiar     Summ           6%         N/A       32%         3
 Confusing Touch          Hex            6%         N/A       32%         3
 Dazzling Flash           Conj/Hex       12%        N/A       32%         3
 Inner Flame              Hex/Fire       6%         N/A       32%         3
 Sigil of Binding         Hex            6%         N/A       32%         3
 Swiftness                Air            6%         N/A       32%         3
 Tukima's Dance           Hex            6%         N/A       32%         3
 Animate Armour           Summ/Erth      36%        N/A       36%         4
 Brom's Barrelling Bould  Conj/Erth      18%        2d4       36%         4
 Dimensional Bullseye     Hex/Tloc       9%         N/A       36%         4
 Leda's Liquefaction      Alch/Erth      9%         N/A       36%         4
 Lee's Rapid Deconstruct  Erth           15%        3d10*     36%         5
 Flame Wave               Conj/Fire      6%         2d5       73%         4
 Fulminant Prism          Conj/Alch      3%         3d5       73%         4
 Ignite Poison            Fire/Alch      6%         N/A       73%         4
 Sticky Flame             Fire/Alch      6%         2d4       73%         4
 Summon Blazeheart Golem  Fire/Summ      6%         N/A       73%         4
 Summon Lightning Spire   Summ/Air       6%         N/A       73%         4
 Summon Forest            Summ/Tloc      9%         N/A       73%         5
 Dispersal                Tloc           15%        N/A       91%         6
 Borgnjor's Revivificati  Necr           32%        N/A       93%         8
 Infestation              Necr           32%        N/A       93%         8
 Alistair's Intoxication  Alch           4%         N/A       97%         5
 Arcjolt                  Conj/Air       3%         1d13      97%         5
 Fireball                 Conj/Fire      3%         3d4       97%         5
 Iskenderun's Battlesphe  Conj           6%         2d6       97%         5
 Metabolic Englaciation   Hex/Ice        3%         N/A       97%         5
 Summon Mana Viper        Hex/Summ       6%         N/A       97%         5
 Yara's Violent Unravell  Hex/Alch       3%         3d4       97%         5
 Bombard                  Conj/Erth      9%         9d2       99%         6
 Haunt                    Necr/Summ      19%        N/A       99%         7
 Conjure Ball Lightning   Conj/Air       3%         3x3d6     100%        6
 Starburst                Conj/Fire      3%         6d3       100%        6
 Summon Cactus Giant      Summ           3%         N/A       100%        6
 Malign Gateway           Summ/Tloc      9%         N/A       100%        7
 Orb of Destruction       Conj           3%         9d5       100%        7
 Spellforged Servitor     Conj/Summ      3%         N/A       100%        7
 Discord                  Hex            3%         N/A       100%        8
 Disjunction              Tloc           15%        N/A       100%        8
 Ignition                 Fire           3%         3d4       100%        8
 Death's Door             Necr           32%        N/A       100%        9


Dungeon Overview and Level Annotations

Branches:
Dungeon (15/15)            Temple (0/1) D:5            Lair (5/5) D:10
 Shoals (4/4) Lair:2       Spider (4/4) Lair:3        Slime (0/5) Lair:5
    Orc (2/2) D:9             Elf (3/3) Orc:2        Vaults (4/5) D:13
  Crypt (0/3) Vaults:2     Depths (4/4) D:15            Zot (5/5) Depths:4
  Sewer (visited)           IceCv (visited)         Volcano (visited)
 WizLab (visited)         Desolation (visited)      Gauntlet (visited)

Shops:
D:4 :*(!*   D:8 **!   D:12 [   Orc:2 ([(   Elf:2 [   Shoals:4 (   Vaults:1 *((
Vaults:3 ![*[

Portals:
Hell: Depths:1 Depths:3 Depths:4
Abyss: Depths:2 Depths:3
Pandemonium: Depths:2 Depths:4
Ziggurat: Depths:3

Annotations:
Lair:2 exclusion: downstairs
Depths:2 exclusion: 2 hell hogs
Zot:3 1 runed translucent door, Ujuizeuc's ghost, adept MiFi
Zot:5 1 exclusion


Innate Abilities, Weirdness & Mutations

You are a creature with a mouth for a stomach.
Your midsection houses a second, enormous mouth.
You have an increased reservoir of magic. (+10% MP)
You shall have no god before yourself.
Your divine heritage dramatically boosts your attributes as you level up.


Message History

You continue meditating on the rock.
The Hell Sentinel hits you but does no damage.
The Hell Sentinel completely misses you.
You finish merging with the rock.
Unknown command.
You climb upwards.
There is a stone staircase leading down here.
(D) Dungeon (T) Temple (L) Lair (A) Shoals (N) Spider Nest (M) Slime Pits (O) Orcish Mines (E) Elven Halls (V) Vaults (C) Crypt (U) Depths (H) Hell (Z) Zot
Where to? (Tab/Enter - D:1 @ (x,y), ? - help)
You see here a +0 dagger.
You see here a +0 club.
A reaper comes into view. It is wielding a +0 scythe of venom.
You rampage towards the reaper!
You block the reaper's attack.
You rampage towards the reaper!
You hit the reaper but do no damage. Your bite misses the reaper.
You puncture the reaper! You freeze the reaper.
You bite the reaper, but do no damage. You puncture the reaper!
You freeze the reaper. Your bite misses the reaper.
You completely miss the reaper. You bite the reaper, but do no damage.
You block the reaper's attack.
You hit the reaper but do no damage. You bite the reaper, but do no damage.
You impale the reaper!! You freeze the reaper.
You hit the reaper but do no damage. x2; Your bite misses the reaper.
You block the reaper's attack.
You riposte.
You puncture the reaper! You bite the reaper, but do no damage.
You barely miss the reaper. You bite the reaper.
You hit the reaper but do no damage. You bite the reaper! You hit the reaper.
You bite the reaper!
You kill the reaper!
You see here a +0 scythe of venom.
(D) Dungeon (T) Temple (L) Lair (A) Shoals (N) Spider Nest (M) Slime Pits (O) Orcish Mines (E) Elven Halls (V) Vaults (C) Crypt (U) Depths (H) Hell (Z) Zot
Where to? (Tab/Enter - D:1 @ (x,y), ? - help)
You see here a stone.
There is a staircase leading out of the dungeon here.
You have escaped!

##########
#≈≈≈≈≈≈≈≈≈≈≈≈≈≈≈≈
#~≈≈~~~≈≈≈≈≈≈≈≈≈≈#
#~~~~~~.≈~≈≈≈≈≈≈≈#
#~.~~~.~~~~~≈≈≈≈≈#
#.....~~~~~≈≈≈≈≈≈#
##......~~~~~~≈≈≈#
#....ß...~.~≈≈≈≈#
##.......W~~.~~≈≈#
#..........~~~~~≈#
#.......ßß...~~≈≈#
##...........~..≈≈#
#..ß..........~~~≈#
####.............~.~≈#
#.................~≈≈#
#..................~≈#
#............###.~~~≈#


There were no monsters in sight!

Vanquished Creatures
  4 dread liches
  3 orbs of fire
  Mara (Depths:1)
  Xtahua (Vaults:3)
  Sojobo (Depths:4)
  A Killer Klown (Zot:5)
  A Head Instructor (WizLab)
  5 curse toes
  5 golden dragons
  5 bone dragons
  the Enchantress (Depths:3)
  A profane servitor (Zot:5)
  Arachne (Spider:2)
  A Tzitzimitl (D:5)
  2 electric golems
  15 tentacled monstrosities
  A walking earthen tome (Depths:3)
  2 walking crystal tomes (Depths:4)
  Zenata (Vaults:4)
  Asterion (Vaults:2)
  2 deep elf blademasters (Elf:3)
  2 liches
  12 quicksilver dragons
  A deep elf master archer (Elf:3)
  10 sphinxes
  18 Orb Guardians (Zot:5)
  3 tentacled starspawn
  A kraken (Abyss:3)
  11 death cobs
  An Executioner (Abyss:3)
  Gastronok (Lair:3)
  6 shadow dragons
  Agnes (Elf:1)
  14 storm dragons
  3 tengu reavers
  6 draconian knights
  A draconian monk (Zot:3)
  4 draconian shifters
  5 draconian scorchers
  2 fire giants
  An iron dragon (Depths:3)
  Aizul (Elf:1)
  8 deep elf sorcerers
  2 imperial myrmidons (Desolation)
  13 vault wardens
  4 frost giants
  A balrug (Depths:2)
  A broodmother (Spider:3)
  8 emperor scorpions
  16 very ugly things
  An angel (Depths:3)
  3 ghost moths (Spider:4)
  An orc warlord (Vaults:4)
  5 deep elf elementalists (Elf:3)
  3 spriggan defenders (Depths:3)
  18 ironbound preservers
  2 reapers
  3 draconian annihilators
  2 draconian stormcallers
  13 ironbound thunderhulks
  4 formless jellyfish
  11 stone giants
  9 vampire knights
  10 green draconians
  3 deep elf demonologists (Elf:3)
  7 black draconians
  10 deep elf annihilators
  2 deep elf death magi
  A halazid warlock (Desolation)
  21 starcursed masses
  A minotaur (Gauntlet)
  11 yellow draconians
  2 war gargoyles (Vaults:3)
  2 spark wasps
  18 dire elephants
  8 white draconians
  9 red draconians
  3 crystal guardians (Desolation)
  8 purple draconians
  5 merfolk javelineers
  9 merfolk impalers
  A shambling mangrove (Abyss:3)
  3 deep elf high priests
  6 fire dragons
  4 ettins
  8 great orbs of eyes
  6 rakshasas
  4 entropy weavers
  10 yaktaur captains
  3 ragged hierophants (Desolation)
  A green death (Depths:2)
  6 ice dragons
  5 ogre magi
  2 ghost crabs (Abyss:3)
  4 hydras
  6 peacekeepers
  2 hell beasts
  3 radroaches
  7 vault guards
  9 servants of whispers (Desolation)
  5 jorogumos
  A merfolk avatar (Shoals:4)
  5 spriggan air magi
  2 alligator snapping turtles
  10 ironbound frosthearts
  11 centaur warriors
  5 death yaks (Lair:5)
  31 dancing weapons
  5 deep troll shamans
  4 merfolk aquamancers
  3 boulder beetles
  8 demonic crawlers
  2 deep troll earth magi
  5 tengu warriors
  3 hell hogs (Abyss:2)
  8 thrashing horrors
  4 spriggan berserkers
  5 occultists
  A vampire mage (WizLab)
  11 two-headed ogres
  A titan zombie (Abyss:2)
  19 deep elf knights
  4 orc high priests (Orc:2)
  3 skeletal warriors (D:15)
  8 hell knights
  7 iron trolls
  6 skysharks
  A soul eater (Depths:2)
  3 pharaoh ants
  A salamander mystic (WizLab)
  3 sun moths
  A golden dragon zombie (Depths:2)
  3 sun demons
  2 wretched stars
  5 fire crabs
  6 sea snakes
  5 sixfirhies
  A quicksilver dragon simulacrum (Depths:3)
  A spatial maelstrom (Abyss:3)
  A sun moth (shapeshifter) (Vaults:2)
  A shadow demon (D:2)
  A flayed ghost (Abyss:3)
  7 mana vipers (WizLab)
  49 deep trolls
  10 orb spiders
  12 arcanists
  11 ironbound convokers
  An obsidian statue (Zot:4)
  14 deep elf archers
  3 glowing orange brains
  9 orc knights
  10 steelbarb worms
  14 lindwurms
  18 deep elf zephyrmancers
  4 necromancers
  13 harpies
  5 phantasmal warriors
  23 deep elf pyromancers
  4 orc sorcerers
  A fire giant zombie (Depths:2)
  37 ugly things
  A faun (Shoals:3)
  A salamander (shapeshifter) (D:13)
  15 wolf spiders
  22 manticores
  20 moths of wrath
  5 kobold blastminers
  A salamander (D:15)
  9 meliai
  A naga mage (WizLab)
  15 elephants
  6 black mambas (Lair:5)
  3 apocalypse crabs (Abyss:3)
  2 rust devils
  An ice statue (IceCv)
  8 merfolk sirens
  3 cyclopes
  3 guardian serpents
  5 water nymphs
  14 vault sentinels
  An orange demon (Abyss:2)
  3 smoke demons (Abyss:3)
  2 molten gargoyles (Desolation)
  11 large abominations
  14 cane toads
  A gargoyle (D:12)
  2 hellions
  A cane toad (shapeshifter) (Elf:2)
  An efreet (D:12)
  2 kobold demonologists (D:12)
  A tormentor (Abyss:3)
  5 rime drakes
  A freezing wraith (D:11)
  2 tengu conjurers
  5 komodo dragons
  An ice devil (D:12)
  27 yaktaurs
  6 trolls
  2 ancient zymes (Abyss:3)
  A troll (shapeshifter) (D:15)
  13 merfolk
  8 wind drakes
  3 polar bears
  12 raiju
  Grinder (D:4)
  7 dream sheep
  9 snapping turtles
  20 tarantellas
  7 hornets
  37 saltlings
  20 blink frogs
  3 glass eyes
  The ghost of Azoth the Skirmisher, an amateur KoHu (D:5)
  6 spriggans
  3 shadows
  3 vampires (Vaults:2)
  6 air elementals
  33 jumping spiders
  29 water elementals
  63 slime creatures
  2 ynoxinuls
  A wraith (D:12)
  12 culicivoras
  16 wyverns
  4 fire elementals
  68 yaks
  2 fire bats (Gauntlet)
  4 steam dragons
  A warg (D:15)
  A golden eye (Abyss:3)
  2 basilisks
  11 vampire mosquitoes
  A death yak simulacrum (Lair:3)
  2 neqoxecs
  2 spatial vortices (Abyss:3)
  Menkaure (D:7)
  59 redbacks
  4 chaos spawn (Abyss:3)
  Duvessa (D:4)
  26 water moccasins
  2 great orb of eyes simulacra (IceCv)
  9 small abominations
  A naga skeleton (Abyss:3)
  2 black bears
  15 orc warriors
  An ice beast (D:7)
  2 laughing skulls (D:15)
  3 sky beasts
  2 boggarts (Vaults:3)
  4 ogres
  29 wolves
  13 centaurs
  A phantom (D:6)
  3 weeping skulls (Abyss:2)
  8 bullfrogs
  2 kobold brigands (D:12)
  A brain worm (shapeshifter) (Elf:3)
  4 brain worms
  2 gnoll sergeants
  A cane toad simulacrum (Lair:3)
  2 scorpions (D:5)
  2 glowing shapeshifter simulacra (IceCv)
  4 earth elementals
  4 wights (D:7)
  Dowan (D:4)
  7 killer bees
  A spriggan zombie (Depths:3)
  An elephant simulacrum (Lair:3)
  A howler monkey (D:8)
  4 electric eels
  4 bombardier beetles
  2 hounds
  2 jellies
  A water moccasin simulacrum (D:5)
  2 quasits
  10 orc priests
  2 gnoll boudas
  4 iguanas
  2 iron imps (Abyss:2)
  3 sleepcaps
  Ijyb (D:3)
  Natasha (thrice) (D:2)
  14 orc wizards
  6 shapeshifter simulacra (IceCv)
  A wolf simulacrum (Lair:3)
  A bullfrog simulacrum (D:5)
  A centaur simulacrum (D:5)
  Robin (D:4)
  24 gnolls
  12 adders
  2 river rats (Sewer)
  2 hound simulacra (D:5)
  A shadow imp (D:7)
  4 white imps
  3 ufetubi (Abyss:2)
  A dart slug (D:3)
  A ribbon worm (Lair:1)
  53 orcs
  7 endoplasms
  5 giant cockroaches
  12 hobgoblins
  2 jackals (Sewer)
  16 kobolds
  3 quokkas
  5 ball pythons
  5 bats
  4 frilled lizards
  17 goblins
  9 rats
  3 spectral weapons (Elf:2)
  3 tentacles (Abyss:3)
2078 creatures vanquished.

Vanquished Creatures (collateral kills)
  A golden dragon (Zot:5)
  A bone dragon (Depths:4)
  3 Orb Guardians (Zot:5)
  A quicksilver dragon (Zot:5)
  A shadow dragon (Depths:4)
  A fenstrider witch (Depths:3)
  A fire giant (Depths:2)
  A draconian knight (Zot:3)
  A vault warden (Vaults:4)
  A draconian scorcher (Zot:2)
  A spriggan defender (Depths:2)
  A draconian annihilator (Depths:4)
  A stone giant (Depths:1)
  2 green draconians (Zot:3)
  A black draconian (Zot:3)
  A deep elf demonologist (Depths:3)
  2 dire elephants (Vaults:1)
  A fire dragon (Depths:1)
  An ettin (Depths:3)
  A spriggan air mage (Depths:3)
  An ice dragon (Depths:2)
  A deep troll shaman (Depths:1)
  4 deep troll earth magi
  A tengu warrior (Depths:1)
  A soul eater (Depths:2)
  A spriggan berserker (Depths:1)
  A hell knight (Depths:1)
  3 iron trolls
  A salamander mystic (Depths:2)
  3 deep trolls
  A flayed ghost (Depths:1)
  A spriggan rider (Depths:2)
  A glowing orange brain (Depths:1)
  An ironbound convoker (Vaults:4)
  A necromancer (Depths:2)
  A deep elf zephyrmancer (Vaults:4)
  An orc knight (Vaults:4)
  7 ugly things
  A salamander (Depths:2)
  2 vault sentinels (Vaults:4)
  A yaktaur (Vaults:2)
  A hornet (Depths:3)
  A glass eye (Depths:1)
  A water elemental (Depths:1)
  A human simulacrum (Depths:2)
63 creatures vanquished.

Vanquished Creatures (others)
  A kraken (Abyss:3)
  A draconian knight (Zot:4)
  A yellow draconian (Zot:4)
  A fenstrider witch zombie (Depths:3)
  A deep elf knight (Elf:2)
  2 ugly thing zombies (Depths:1)
  A moth of wrath (Zot:3)
  A guardian serpent (Desolation)
  2 iron troll zombies
  A saltling (Desolation)
  An ettin zombie (Depths:3)
  4 deep troll zombies
  A tengu zombie (Depths:1)
  An elf zombie (Vaults:4)
  2 hornet zombies
  A lindwurm zombie (Vaults:2)
  7 human zombies
  2 yaktaur zombies
  3 spriggan zombies
  2 orc priests (Orc:2)
  A lurking horror (Abyss:3)
  4 starspawn tentacles
  7 tentacles (Abyss:3)
48 creatures vanquished.

Grand Total: 2189 creatures vanquished

Notes
Turn   | Place    | Note
-------+----------+-------------------------------------------
     0 | D:1      | ragingrage the Demigod Brigand began the quest for the Orb.
     0 | D:1      | Reached XP level 1. HP: 17/17 MP: 3/3
    51 | D:1      | Reached skill level 1 in Dodging
    84 | D:1      | Reached XP level 2. HP: 24/24 MP: 4/4
   583 | D:1      | Reached XP level 3. HP: 29/29 MP: 5/5
  1764 | D:3      | Noticed Natasha
  1789 | D:2      | Reached XP level 4. HP: 36/37 MP: 6/6
  1816 | D:2      | Killed Natasha
  1817 | D:2      | Reached skill level 2 in Dodging
  1906 | D:2      | Noticed Natasha
  1912 | D:2      | Killed Natasha
  2344 | D:2      | Noticed Natasha
  2353 | D:2      | Killed Natasha
  2354 | D:2      | Reached XP level 5. HP: 37/45 MP: 7/7
  2520 | D:3      | Noticed Ijyb
  2718 | D:4      | You fall into a shaft and drop 3 floors!
  2757 | D:7      | Noticed a sky beast
  2797 | D:7      | Noticed an ice beast
  2812 | D:7      | Noticed a sky beast
  2815 | D:7      | Killed a sky beast
  2834 | D:7      | Reached XP level 6. HP: 51/51 MP: 8/8
  3234 | D:6      | Reached skill level 5 in Short Blades
  3234 | D:6      | Reached XP level 7. HP: 48/58 MP: 9/9
  3516 | D:5      | Entered Level 5 of the Dungeon
  3783 | D:5      | Found a glowing drain.
  3820 | Sewer    | Entered a sewer
  4738 | D:5      | Found a staircase to the Ecumenical Temple.
  4907 | D:5      | Noticed Azoth's ghost (amateur KoHu)
  4923 | D:5      | Found a runed translucent gate.
  4923 | D:5      | Found a runed translucent gate.
  4923 | D:5      | Found a runed translucent gate.
  5364 | D:5      | Reached XP level 8. HP: 49/66 MP: 10/10
  5544 | D:4      | Found Jiesy's Distillery.
  5546 | D:4      | Noticed Robin
  5551 | D:4      | Reached skill level 5 in Axes
  5588 | D:4      | Killed Robin
  5684 | D:4      | Bought a potion of curing for 33 gold pieces
  5684 | D:4      | Bought a potion of haste for 110 gold pieces
  5684 | D:4      | Bought a potion of berserk rage for 55 gold pieces
  5735 | D:4      | Found Gothebb Qega's Assorted Antiques.
  5745 | D:4      | Bought a grey potion for 27 gold pieces
  5764 | D:4      | Found Dexen's Assorted Antiques.
  5779 | D:4      | Bought a scroll labelled QUWEDI WABREWK for 16 gold pieces
  5962 | D:4      | Found Ceam's Antique Weapon Boutique.
  6156 | D:4      | Noticed Duvessa
  6156 | D:4      | Noticed Dowan
  6316 | D:3      | Killed Ijyb
  6745 | D:4      | Bought a dark potion for 14 gold pieces
  6771 | D:4      | Bought a cyan potion for 27 gold pieces
  6771 | D:4      | Bought a scroll labelled DAZIGRE QENGIO for 31 gold pieces
  6840 | D:4      | Killed Duvessa
  6845 | D:4      | Killed Dowan
  7029 | D:4      | Found Vohemno's Book Shoppe.
  7044 | D:4      | Noticed Grinder
  7061 | D:4      | Killed Grinder
  7807 | D:7      | Reached skill level 1 in Evocations
  7807 | D:7      | Reached XP level 9. HP: 49/71 MP: 11/11
  7969 | D:7      | Noticed Menkaure
  8383 | D:4      | Bought a silvery potion for 27 gold pieces
  8383 | D:4      | Bought a scroll labelled XIX HYTRUKOUM for 31 gold pieces
  8383 | D:4      | Bought a scroll labelled YLIETHIFON for 31 gold pieces
  8590 | D:7      | Identified the +0 helmet of the Sneaky Loafs {rC+}
  8688 | D:7      | Reached skill level 3 in Dodging
  9058 | D:7      | Killed Menkaure
  9059 | D:7      | Reached skill level 5 in Fighting
  9249 | D:8      | Found Mouread's Distillery.
  9271 | D:8      | Found Voatecs's Assorted Antiques.
  9287 | D:8      | Bought a scroll labelled DAZIGRE QENGIO for 31 gold pieces
  9477 | D:8      | Found Nasuts's General Store.
 10059 | D:9      | Reached skill level 4 in Dodging
 10157 | D:9      | Reached skill level 10 in Short Blades
 10204 | D:9      | Identified the +3 falchion "Spiderbane" {antimagic, *Noise
                  | rPois rC+ Dex+6}
 10522 | D:9      | Reached XP level 10. HP: 71/83 MP: 13/13
 10525 | D:9      | Reached skill level 1 in Shields
 10530 | D:9      | Reached skill level 5 in Dodging
 10589 | D:9      | Noticed a two-headed ogre
 10600 | D:9      | Killed a two-headed ogre
 10601 | D:9      | Reached skill level 6 in Dodging
 10620 | D:9      | Found a staircase to the Orcish Mines.
 10969 | D:10     | Entered Level 10 of the Dungeon
 11030 | D:10     | Found a staircase to the Lair.
 11436 | D:8      | Bought a runed bronze wand for 124 gold pieces
 11539 | D:10     | Reached skill level 7 in Dodging
 11552 | D:10     | Noticed a two-headed ogre
 11560 | D:10     | Killed a two-headed ogre
 12127 | D:11     | Noticed a manticore
 12134 | D:11     | Killed a manticore
 12135 | D:11     | Reached skill level 8 in Dodging
 12309 | D:11     | Noticed a deep elf pyromancer
 12319 | D:11     | Killed a deep elf pyromancer
 12337 | D:11     | Noticed an ogre mage
 12340 | D:11     | Killed an ogre mage
 12341 | D:11     | Reached skill level 9 in Dodging
 12341 | D:11     | Reached XP level 11. HP: 89/89 MP: 14/14
 12487 | D:11     | Reached skill level 1 in Shapeshifting
 12690 | D:11     | Noticed a two-headed ogre
 12718 | D:11     | Killed a two-headed ogre
 13164 | D:4      | Bought a grey potion for 27 gold pieces
 13246 | D:8      | Bought a clear potion for 27 gold pieces
 13246 | D:8      | Bought a scroll labelled DUMAYMN ZEAD for 31 gold pieces
 13396 | Lair:1   | Entered Level 1 of the Lair of Beasts
 13466 | Lair:1   | Reached skill level 10 in Dodging
 13747 | Lair:1   | Reached skill level 5 in Shields
 13909 | Lair:1   | Noticed a skyshark
 13917 | Lair:1   | Killed a skyshark
 14290 | Lair:1   | Reached skill level 5 in Shapeshifting
 14338 | Lair:1   | Noticed Sonja
 14343 | Lair:1   | Sonja changed into Sonja the ribbon worm
 14343 | Lair:1   | Noticed Sonja
 14351 | Lair:1   | Killed Sonja the ribbon worm
 14529 | Lair:2   | Found a staircase to the Shoals.
 14739 | Lair:2   | Reached skill level 11 in Dodging
 14744 | Lair:2   | Reached XP level 12. HP: 96/96 MP: 15/15
 15443 | Lair:3   | Noticed a four-headed hydra
 15642 | Lair:3   | Noticed Gastronok
 15747 | Lair:2   | Reached skill level 5 in Evocations
 15866 | Lair:3   | Killed a four-headed hydra
 15949 | Lair:3   | Found a frozen archway.
 16037 | IceCv    | Entered an ice cave
 16100 | IceCv    | Noticed a quicksilver ooze
 16847 | IceCv    | Noticed an azure jelly
 16857 | IceCv    | Noticed a quicksilver ooze
 17379 | Lair:2   | Identified a scroll of acquirement
 17381 | Lair:2   | Acquired a +4 quick blade of flaming
 17418 | Lair:3   | Found a hole to the Spider Nest.
 17515 | Lair:3   | Killed Gastronok
 17594 | Lair:3   | Reached skill level 10 in Shapeshifting
 17594 | Lair:3   | Reached XP level 13. HP: 85/102 MP: 16/16
 18087 | Lair:4   | Found a gate leading to a gauntlet.
 18123 | Gauntlet | Entered a Gauntlet
 18123 | Gauntlet | Found a transporter.
 18123 | Gauntlet | Found a transporter.
 18123 | Gauntlet | Found a runed translucent door.
 18123 | Gauntlet | Found a runed translucent door.
 18129 | Gauntlet | Found a transporter.
 18142 | Gauntlet | Found a transporter.
 18159 | Gauntlet | Found the Hermit's Pendant {Faith Invo=14 Evo=0 MP+5}
 18160 | Gauntlet | Found a transporter.
 18160 | Gauntlet | Found a transporter.
 18160 | Gauntlet | Found a transporter.
 18162 | Gauntlet | Found a transporter.
 18162 | Gauntlet | Found a transporter.
 18178 | Gauntlet | Found a transporter.
 18183 | Gauntlet | Found a runed translucent door.
 18190 | Gauntlet | Found a transporter.
 18200 | Gauntlet | Found a transporter.
 18214 | Gauntlet | Found a transporter.
 18234 | Gauntlet | Found a transporter.
 18679 | Gauntlet | Noticed a minotaur
 18690 | Gauntlet | Killed a minotaur
 18704 | Gauntlet | Identified the +3 leather armour "Kischaet" {^Drain Str+2
                  | SInv}
 18704 | Gauntlet | Identified the +0 leather armour of the Skies Above {rElec
                  | rPois rN+ Dex+3}
 18705 | Gauntlet | Got Soixul's Omnibus of Obstruction
 19576 | Lair:5   | Entered Level 5 of the Lair of Beasts
 20507 | Lair:5   | Found a staircase to the Slime Pits.
 20609 | Lair:5   | Reached XP level 14. HP: 96/113 MP: 17/17
 20865 | Lair:5   | Reached skill level 12 in Dodging
 21485 | Orc:1    | Entered Level 1 of the Orcish Mines
 21687 | Orc:2    | Entered Level 2 of the Orcish Mines
 21739 | Orc:2    | Found a dark tunnel.
 21749 | Volcano  | Entered a volcano
 21825 | Volcano  | Paralysed by an ogre mage for 5 turns
 21834 | Volcano  | Paralysed by something for 5 turns
 22180 | Orc:2    | Paralysed by an orc sorcerer for 2 turns
 22399 | Orc:2    | Reached skill level 5 in Stealth
 22506 | Orc:2    | Found a staircase to the Elven Halls.
 23067 | Orc:2    | Found Cumopneh's Weapon Emporium.
 23067 | Orc:2    | Found Eclips's Weapon Boutique.
 23086 | Orc:2    | Found Nyonke's Armour Boutique.
 23086 | Orc:2    | Found Ofuczor's Antique Weapon Emporium.
 23137 | Orc:2    | Bought a +0 pair of gloves of dexterity for 172 gold pieces
 23584 | D:12     | Found Ameezyh's Armour Emporium.
 23594 | D:12     | Bought the +0 pair of fencer's gloves {Riposte Dex+3} for
                  | 720 gold pieces
 23594 | D:12     | Found the +0 pair of fencer's gloves {Riposte Dex+3}
 23903 | D:12     | Identified the +1 scale mail "Estaovoy" {+Blink rN++ Str-3
                  | Slay+3}
 24613 | D:13     | Found a gate to the Vaults.
 24635 | D:13     | Reached XP level 15. HP: 60/124 MP: 18/18
 25498 | D:14     | Identified the orb of Dawn {light, rElec rPois rC- Regen+}
 25696 | D:15     | Entered Level 15 of the Dungeon
 25834 | D:15     | Found a staircase to the Depths.
 25892 | D:15     | Reached skill level 10 in Fighting
 25892 | D:15     | Reached skill level 13 in Dodging
 26774 | D:4      | Bought a potion of ambrosia for 88 gold pieces
 26774 | D:4      | Bought a potion of resistance for 110 gold pieces
 26774 | D:4      | Bought a potion of enlightenment for 55 gold pieces
 27013 | Spider:1 | Entered Level 1 of the Spider Nest
 29171 | D:4      | Bought a book of Burglary for 264 gold pieces
 29175 | D:4      | Learned a level 3 spell: Passwall
 29278 | D:5      | Killed Azoth's ghost
 29749 | Spider:3 | Noticed Arachne
 29768 | Spider:2 | Killed Arachne
 29769 | Spider:2 | Reached skill level 1 in Earth Magic
 29840 | Spider:3 | Reached XP level 16. HP: 137/137 MP: 19/19
 30308 | Spider:3 | Reached skill level 14 in Dodging
 30902 | Spider:4 | Entered Level 4 of the Spider Nest
 31019 | Spider:4 | Reached skill level 1 in Spellcasting
 31801 | Spider:4 | Reached skill level 5 in Earth Magic
 32193 | Spider:4 | Got a gossamer rune of Zot
 32514 | Shoals:1 | Entered Level 1 of the Shoals
 32514 | Shoals:1 | Found a flickering gateway to a bazaar.
 32543 | Bazaar   | Entered a bazaar
 32544 | Bazaar   | Found Weusitec's General Store.
 32563 | Bazaar   | Found Houluxt's Assorted Antiques.
 32571 | Bazaar   | Bought a scroll labelled DUMAYMN ZEAD for 26 gold pieces
 32572 | Bazaar   | Found Emnumn's General Store.
 32576 | Bazaar   | Found Cuudep Hiath's Distillery.
 32584 | Bazaar   | Bought a potion of might for 60 gold pieces
 32584 | Bazaar   | Bought a potion of heal wounds for 75 gold pieces
 32584 | Bazaar   | Found Faphu's Armour Shop.
 32626 | Bazaar   | Bought a potion of haste for 190 gold pieces
 32626 | Bazaar   | Bought a potion of heal wounds for 95 gold pieces
 33434 | Elf:1    | Entered Level 1 of the Elven Halls
 33440 | Elf:1    | Reached skill level 15 in Dodging
 33487 | Elf:1    | Identified the serpent talisman "Dotiazos" {rF+ rN+ Str+4}
 33487 | Elf:1    | Noticed Aizul
 33503 | Elf:1    | Found a crumbling gateway.
 33504 | Elf:1    | Killed Aizul
 33606 | Desolati | Entered the Desolation of Salt
 33861 | Desolati | Reached skill level 10 in Stealth
 34049 | Desolati | Identified the ring "Taad" {rC+ AC+4 Int+3}
 34197 | Desolati | Reached XP level 17. HP: 144/144 MP: 24/24
 34199 | Desolati | Identified the +11 great sword of Doylenio {heavy, rElec
                  | rC+ Dex-5 SInv}
 34201 | Desolati | Identified the amulet "Elongieq" {+Inv rF+ Will- Regen+
                  | Int+6}
 34533 | Desolati | Identified the ring of Burpheiwn {Wiz +Blink}
 34803 | Desolati | Identified the ring "Hud Muno" {Will+ Str+4}
 35135 | Desolati | Got the Spellbook of Calid Wounds
 35141 | Desolati | Got the Compilation of Generation
 35186 | Desolati | Identified the ring "Majy" {rF+ rC++ rCorr}
 36591 | Elf:1    | Identified the +2 shadow dragon scales of the Serpent
                  | {Str+2 Slay+5 Stlth++++}
 36591 | Elf:1    | Noticed Agnes
 36613 | Elf:1    | Killed Agnes
 37141 | Elf:2    | Found Piokhloboa's Armour Shop.
 37248 | Elf:2    | Found a runed translucent gate.
 37248 | Elf:2    | Found a runed translucent gate.
 37249 | Elf:2    | Found a runed translucent gate.
 37428 | Elf:2    | Reached skill level 16 in Dodging
 38168 | Elf:3    | Entered Level 3 of the Elven Halls
 38271 | Elf:3    | Paralysed by an air elemental for 1 turns
 38283 | Elf:3    | Reached skill level 17 in Dodging
 39005 | Elf:3    | Reached XP level 18. HP: 131/154 MP: 25/25
 39578 | Abyss:2  | Cast into level 2 of the Abyss (a deep elf sorcerer)
 39699 | Abyss:2  | Found a transporter.
 40058 | Abyss:2  | Noticed a bone dragon
 40095 | Abyss:2  | Killed a bone dragon
 40212 | Abyss:3  | Noticed a bone dragon
 40231 | Abyss:3  | Noticed a bone dragon
 40285 | Abyss:3  | Killed a bone dragon
 40296 | Elf:3    | Escaped the Abyss
 40579 | Elf:3    | Identified the amulet of the Moon {Spirit Rampage rF+ rC+}
 40584 | Elf:3    | Reached skill level 18 in Dodging
 40621 | Elf:3    | Identified the +10 flail of the Lusting Gods {drain, Dex+3}
 41009 | Elf:3    | Got the Codex of Blasting
 41023 | Elf:3    | Got the Anthology of the Shot
 41082 | Elf:3    | Identified the +4 orcbow of Noghostuhe {flame, rElec rF+
                  | Int+3 Dex+3}
 41087 | Elf:3    | Learned a level 2 spell: Blink
 41113 | Elf:3    | Got Turphychi's Quarto of Flame and Left-Handed Spells
 41160 | Elf:3    | Got Tavawna's Quarto of the Hummingbird
 43248 | Shoals:4 | Entered Level 4 of the Shoals
 43334 | Shoals:4 | Reached skill level 1 in Translocations
 43336 | Shoals:4 | Found Zypazx Guzi's Antique Weapon Boutique.
 43393 | Shoals:4 | Got the Secrets of Evil Words and Bewitchment
 43402 | Shoals:4 | Learned a level 4 spell: Animate Dead
 43409 | Shoals:4 | Learned a level 6 spell: Death Channel
 43664 | Shoals:4 | Identified the +3 quarterstaff "Revviuma" {vamp, Str+3
                  | Int+4 Dex+4}
 43750 | Shoals:4 | Reached skill level 1 in Necromancy
 43752 | Shoals:4 | Reached XP level 19. HP: 167/167 MP: 24/26
 44058 | Shoals:4 | Got a barnacled rune of Zot
 44226 | Vaults:1 | Entered Level 1 of the Vaults
 44246 | Vaults:1 | Reached skill level 19 in Dodging
 44459 | Vaults:1 | Found Gozag's Antique Weapon Emporium.
 44461 | Vaults:1 | Found Gozag's Assorted Antiques.
 44498 | Vaults:1 | Found Gozag's Antique Weapon Shoppe.
 44999 | Vaults:1 | You fall into a shaft and drop 1 floor!
 45285 | Vaults:2 | Reached skill level 5 in Translocations
 45497 | Vaults:2 | Reached skill level 5 in Necromancy
 45636 | Vaults:2 | Found a staircase to the Crypt.
 45696 | Vaults:2 | Reached skill level 15 in Fighting
 45800 | Vaults:2 | Noticed Asterion
 46751 | Vaults:2 | Killed Asterion
 46849 | Vaults:2 | Reached XP level 20. HP: 180/180 MP: 25/28
 47593 | Vaults:3 | Found Rueruem's Distillery.
 47646 | Vaults:3 | Found a magical portal.
 47655 | WizLab   | Entered Yara's Duelist Academy
 47802 | WizLab   | Got Yara's Anthology of Misfortune
 47878 | WizLab   | Noticed Utuutont
 47883 | WizLab   | Killed Utuutont the Head Instructor
 48010 | Vaults:3 | Found Zoytax's General Store.
 48018 | Vaults:3 | Bought a potion of heal wounds for 75 gold pieces
 48328 | Vaults:3 | Found a flickering gateway to a bazaar.
 48365 | Bazaar   | Entered a bazaar
 48369 | Bazaar   | Found Tyaler's Antique Weapon Boutique.
 48377 | Bazaar   | Found Ygex's Jewellery Boutique.
 48388 | Bazaar   | Found Vuf Cuno's Magic Scroll Emporium.
 48396 | Bazaar   | Bought a scroll of teleportation for 21 gold pieces
 48396 | Bazaar   | Bought a scroll of blinking for 52 gold pieces
 48399 | Bazaar   | Found Orefued's General Store.
 48407 | Bazaar   | Bought a wand of paralysis (2) for 43 gold pieces
 48407 | Bazaar   | Bought 2 potions of enlightenment for 90 gold pieces
 48407 | Bazaar   | Bought a scroll of enchant armour for 67 gold pieces
 48419 | Bazaar   | Bought a scroll of silence for 66 gold pieces
 48424 | Bazaar   | Found Moasobiy's Antique Armour Shop.
 48432 | Bazaar   | Bought a glowing helmet for 172 gold pieces
 48456 | Bazaar   | Bought the ring of Jonogg {rC+ AC+4} for 600 gold pieces
 48590 | Vaults:3 | Found Eloipu's Armour Emporium.
 48754 | Vaults:3 | Reached skill level 20 in Dodging
 49169 | Vaults:3 | Reached skill level 10 in Necromancy
 49451 | Vaults:3 | Found Johiyss's Armour Shoppe.
 49621 | Vaults:4 | Noticed Xtahua
 49637 | Vaults:3 | Killed Xtahua
 49955 | Vaults:4 | Reached XP level 21. HP: 188/188 MP: 22/30
 49955 | Vaults:4 | Noticed Zenata
 49973 | Vaults:4 | Killed Zenata
 50996 | Elf:2    | Bought the -2 hat of the Alchemist {rElec rPois rF+ rC+ rN+
                  | Will+ rMut rCorr} for 660 gold pieces
 50996 | Elf:2    | Found the -2 hat of the Alchemist {rElec rPois rF+ rC+ rN+
                  | Will+ rMut rCorr}
 51267 | Depths:1 | Entered Level 1 of the Depths
 51466 | Depths:1 | Reached skill level 5 in Spellcasting
 51581 | Depths:1 | Noticed Mara
 51604 | Depths:1 | Killed Mara
 51726 | Depths:1 | You fall into a shaft and drop 1 floor!
 51831 | Depths:2 | Found a one-way gate to the infinite horrors of the Abyss.
 52080 | Depths:2 | Identified the +0 ring mail of Inquiry {+Inv rC+ Dex+5}
 52252 | Depths:2 | Identified the +0 chain mail of Dramatic Exits {rF++ Str+2
                  | Dex+3 Stlth-}
 52568 | Depths:2 | Found a one-way gate leading to the halls of Pandemonium.
 52987 | Depths:1 | Found a gateway to Hell.
 53286 | Abyss:3  | Noticed a dread lich
 53286 | Abyss:3  | Cast into level 3 of the Abyss (an occultist)
 53308 | Abyss:3  | Killed a dread lich
 53414 | Depths:3 | Escaped the Abyss
 53458 | Depths:3 | Reached skill level 10 in Evocations
 53458 | Depths:3 | Reached XP level 22. HP: 190/196 MP: 31/34
 53526 | Depths:3 | Noticed the Enchantress
 53533 | Depths:3 | Killed the Enchantress
 53538 | Depths:3 | Noticed a dread lich
 53831 | Vaults:3 | Bought a scroll of enchant weapon for 112 gold pieces
 54063 | D:8      | Bought a scroll of enchant weapon for 112 gold pieces
 54320 | Depths:3 | Paralysed by a dread lich for 5 turns
 54335 | Depths:3 | Killed a dread lich
 54451 | Depths:3 | Found a one-way gateway to a ziggurat.
 54863 | Depths:4 | Entered Level 4 of the Depths
 55079 | Depths:4 | Found a gate to the Realm of Zot.
 55260 | Depths:4 | Identified the storm talisman of Theory {rF++}
 55260 | Depths:4 | Noticed Sojobo
 55311 | Depths:4 | Killed Sojobo
 56329 | Depths:3 | Voluntarily entered the Abyss.
 56506 | Abyss:3  | Noticed an ancient lich
 56511 | Abyss:3  | Reached skill level 21 in Dodging
 56530 | Depths:3 | Escaped the Abyss
 56616 | Depths:3 | Voluntarily entered the Abyss.
 56629 | Depths:3 | Escaped the Abyss
 56631 | Depths:3 | Voluntarily entered the Abyss.
 57142 | Abyss:3  | Paralysed by an apocalypse crab for 1 turns
 57155 | Abyss:3  | Got an abyssal rune of Zot
 57222 | Depths:3 | Escaped the Abyss
 57291 | Zot:1    | Entered Level 1 of the Realm of Zot
 57422 | Zot:1    | Noticed a curse toe
 57424 | Zot:1    | Killed a curse toe
 58037 | Zot:1    | Noticed an orb of fire
 58068 | Zot:1    | Killed an orb of fire
 58342 | Zot:2    | Reached XP level 23. HP: 209/209 MP: 33/35
 59064 | Zot:3    | Found a runed translucent door.
 59067 | Zot:3    | Noticed Ujuizeuc's ghost (adept MiFi)
 61098 | Zot:3    | Identified the ring "Wom Rutsazi" {+Blink Will+ Int+3
                  | Dex+2}
 61649 | Zot:4    | Noticed an orb of fire
 61864 | Zot:4    | Reached skill level 15 in Shapeshifting
 61971 | Zot:4    | Found a transporter.
 61971 | Zot:4    | Identified the ring of Xuureiwn {rF+ EV+5 Str+4 SInv}
 61989 | Zot:4    | Found a transporter.
 62057 | Zot:4    | Killed an orb of fire
 62643 | Zot:4    | Identified the +0 robe "Ipsirch" {rC+ Will- rCorr Str+3
                  | Int+3}
 62791 | Zot:5    | Entered Level 5 of the Realm of Zot
 63231 | Zot:5    | Reached XP level 24. HP: 218/224 MP: 35/35
 63572 | Zot:5    | Reached skill level 22 in Dodging
 63744 | Zot:5    | Noticed a dread lich
 63772 | Zot:5    | Noticed an orb of fire
 63774 | Zot:5    | Killed a dread lich
 63779 | Zot:5    | Killed an orb of fire
 63780 | Zot:5    | Noticed a dread lich
 63781 | Zot:5    | Noticed a Killer Klown
 63789 | Zot:5    | Killed a Killer Klown
 63870 | Zot:5    | Killed a dread lich
 64021 | Zot:5    | Got the Orb of Zot
 64111 | Zot:4    | Noticed Sotway the pandemonium lord
 64696 | D:$      | Escaped with the Orb!

Illustrated notes

Levels and vault maps discovered:
D:1:      nicolae_arrival_washed_ashore, layout_basic, serial_park_tiny_pond
D:2:      layout_basic, serial_corexii_hall, corexii_hall_statues_l,
          corexii_hall_statues_x, corexii_hall_statues_l,
          minmay_misc_feat_nine_boxes
D:3:      minmay_diamond_boxcup, layout_rooms, minitemple,
          amcnicky_altar_gilded, dreamdust_ecumenical_altar_grove, uniq_ijyb,
          uniq_natasha
D:4:      dreamdust_elfheim, layout_basic, serial_shops,
          nicolae_shop_gibbet_a_chance, shop, shop, shop, shop, uniq_robin,
          uniq_grinder
D:5:      layout_basic, minmay_temple_entry_grid, gammafunk_ghost_icy,
          portal_sewer_entry_d, dreamdust_gnoll_farm
D:6:      layout_rooms, mainiacjoe_overflow_brackets, grunt_decor_one_mirror
D:7:      kennysheep_spiral_hall, layout_basic,
          gammafunk_temple_overflow_forgotten, uniq_menkaure
D:8:      layout_basic, nicolae_overflow_squiral, serial_shops, shop, shop,
          kennysheep_little_box
D:9:      layout_basic, orc_0_dummy, nicolae_wwwww, minmay_misc_feat_tower
D:10:     layout_stronghold, lair_entry_dummy, small_statue_alley_a
D:11:     layout_stronghold, kb_rosetta
D:12:     layout_roguey, serial_shops, shop,
          dilly_guarded_unrand_elemental_staff
D:13:     layout_irregular_city, erik_vaults_1
D:14:     layout_cave_pools, chequers_serial_rivers_micro_c,
          nicolae_underground_beach
D:15:     hangedman_depths_entry_try_elsewhere_first, layout_small_grid,
          hellmonk_sif_muna_bookshelves
Lair:1:   layout_regular_city, grunt_forest_large_clearing_hut,
          lemuel_fruit_tree, grunt_megastairs_3, uniq_sonja
Lair:2:   layout_small_grid, shoals_dummy_entry, serial_bayou,
          serial_bayou_pond_a, serial_bayou_shore_a, serial_bayou_pond_d,
          serial_bayou_crossing
Lair:3:   layout_chaotic_city, nicolae_spider_entry_orb_guardian,
          portal_ice_cave_entry_ice_simulacra, serial_bayou_pond_d,
          bh_autumn_forest_stairs, grunt_megastairs_5, uniq_gastronok
Lair:4:   layout_cave_pods, gauntlet_entry_generic, basic_altar
Lair:5:   hangedman_lair_tendril_chambers, layout_hall_layers, slime_entry_1,
          basic_altar
Shoals:1: layout_shoals, serial_shops, bzr_entry_islet
Shoals:2: layout_shoals
Shoals:3: layout_shoals
Shoals:4: shoals_end_simple, layout_shoals, serial_shops, shop,
          nicolae_shoals_drake_roost
Spider:1: layout_chambers, drop_trap, hangedman_spider_tarantella_strand
Spider:2: layout_spider_delve, hangedman_spider_mandibles
Spider:3: layout_spider_delve, uniq_arachne
Spider:4: grunt_spider_rune_circles
Orc:1:    layout_caves
Orc:2:    grunt_orc_tribal_feast, layout_diamond_mine,
          nicolae_volcano_entry_lava_flow, minmay_orc_keep
Elf:1:    layout_geoelf_octagon, portal_desolation_entry_nicolae_nacl,
          evilmike_minifort, nrook_mini_backslash, uniq_agnes, uniq_aizul
Elf:2:    nicolae_elf_blades_splatter_lattice [nicolae_blade_lattice],
          layout_geoelf_octagon, serial_shops, nicolae_shop_mannequins,
          basic_altar
Elf:3:    minmay_elf_hall_furrowed, layout_gridlike, corner_web_ring,
          nicolae_elf_big_sculpture_2
Vaults:1: v_pattern_4, nicolae_vaults_oval_intersection,
          kennysheep_vaults_gozag_temple, hangedman_vaults_slither,
          nicolae_vaults_network_s, nicolae_vaults_closet_pinwheel_3,
          vaults_dpeg_emergency_exit, nicolae_vaults_closet_pinwheel_4,
          layout_vaults_big_cross
Vaults:2: nicolae_vaults_quartermaster, hangedman_vaults_nails, v_pattern_5,
          minmay_crypt_entry_vampire_xt, vaults_dpeg_diagonal, v_misc_22,
          v_rooms_2, vaults_room_boxed, v_misc_10,
          nicolae_vaults_more_shelving_1, layout_vaults_maze_bifur,
          uniq_asterion
Vaults:3: mu_enter_wizlab_6, nicolae_vaults_network_quinsquares
          [nicolae_vaults_network_quincunx_subvault,
          nicolae_vaults_network_quincunx_subvault,
          nicolae_vaults_network_quincunx_subvault,
          nicolae_vaults_network_quincunx_subvault], st_octagons_2,
          nicolae_vaults_house_2, nicolae_vaults_big_ls, vaults_dpeg_doors,
          nicolae_vaults_turnstiles, nicolae_vaults_three_branches,
          nicolae_vaults_network_star, grunt_vaults_diagonal,
          layout_vaults_big_room, serial_shops, bzr_in_the_mist, shop,
          nicolae_lakefront_shop, nicolae_shop_tiny_statue_garden,
          nicolae_shop_crystal
Vaults:4: dpeg_vaults_monster_box, grunt_vaults_hallway_long, v_misc_9,
          vaults_dpeg_spiral, nicolae_vaults_offset_grid_hallway_2, v_misc_27,
          vaults_room_hallway, nicolae_vaults_storage_room_water,
          nicolae_vaults_trapezoid_lopsided_3, nicolae_vaults_little_squares_6,
          nicolae_vaults_taking_the_gang_shopping,
          nicolae_vaults_heart-shaped_vault, layout_vaults_omnigrid,
          uniq_xtahua, uniq_zenata
Depths:1: layout_cave_pools, serial_bayou_pond_e, pf_coc_iceberg,
          nicolae_wu_jian_wuxing_cycle, uniq_mara
Depths:2: dreamdust_cat_pyramid, layout_cave_pools, hellmouth_1,
          grunt_pan_entry_zigzag, serial_co_window_serial, co_window_paths_a,
          co_window_paths_a, co_window_corner_a, co_window_corner_a,
          co_window_paths_b, co_window_corner_a, co_window_paths_c,
          co_window_broadway_c, co_window_of_opportunity_b, co_window_paths_e,
          co_window_4corner_a, glass_columns_a, glass_columns_b,
          glass_columns_c, glass_columns_a, glass_columns_a, abyss_entry
Depths:3: hellmonk_paralyzer, layout_cave_shapes, enter_ziggurat_f,
          nicolae_abyss_entry_one_way_or_another, grunt_mini_vestibule,
          chequers_big_river, uniq_enchantress
Depths:4: grunt_twist_and_shout, layout_basic, nicolae_dithmenos_the_darkroom,
          pan_entry, hell_entry, nicolae_tricolors, uniq_sojobo
Zot:1:    layout_gridlike, nicolae_tricolors
Zot:2:    layout_gridville
Zot:3:    kennysheep_oblong_rooms, layout_cathedral_of_symmetry,
          hellmonk_ghost_happy_afterlife, lemuel_elevator
Zot:4:    gammafunk_sealed_arena, layout_twisted_circle,
          hangedman_zot_diagonal_lockstep, regret_index_zotdec_stipple_waver
Zot:5:    layout_gridlike

Skill      XL: |  1  2  3  4  5  6  7  8  9 10 11 12 13 14 15 16 17 18 19 20 21 22 23 24 |
---------------+-------------------------------------------------------------------------+-----
Dodging        | 1 2 4 9 11 12 13 15 17 18 19 20 21 22 | 22.0
Fighting       | 2 3 4 6 7 9 11 12 14 16 18 20 21 | 21.0
Short Blades   | 2 3 4 5 6 8 10 11 13 14 | 14.0
Axes           | 2 3 4 5 |  5.6
Evocations     | 1 2 5 6 7 9 10 12 13 | 13.0
Shields        | 4 5 6 |  6.0
Shapeshifting  | 5 10 11 12 13 14 15 | 15.0
Throwing       | 2 |  2.0
Stealth        | 6 7 10 11 12 13 14 | 14.0
Earth Magic    | 1 5 |  5.0
Spellcasting   | 2 3 5 |  5.0
Translocations | 2 5 |  5.0
Necromancy     | 1 5 11 14 | 14.0

Action                     |  1- 3 |  4- 6 |  7- 9 | 10-12 | 13-15 | 16-18 | 19-21 | 22-24 || total
---------------------------+-------+-------+-------+-------+-------+-------+-------+-------++-------
  Melee: Dagger            |   117 |    71 |   222 |  1001 |       |       |       |       ||  1411
         Hand axe          |       |    35 |   267 |       |       |       |       |       ||   302
         Quick blade       |       |       |       |    55 |  2447 |  3019 |  2844 |  2863 || 11228
         Maw               |       |       |       |    30 |  1317 |  1677 |  1770 |  1705 ||  6499
  Throw: Dart              |     3 |     8 |    10 |    31 |    22 |     4 |       |       ||    78
         Throwing net      |       |       |     2 |       |       |     2 |     1 |       ||     5
   Cast: Passwall          |       |       |       |       |       |     1 |       |    16 ||    17
         Animate Dead      |       |       |       |       |       |       |     8 |     1 ||     9
         Death Channel     |       |       |       |       |       |       |    11 |    16 ||    27
  Evoke: Wand              |       |       |     3 |    26 |     3 |    12 |     1 |     5 ||    50
         Sack of spiders   |       |       |       |       |       |     1 |     2 |     2 ||     5
         Phial of floods   |       |       |       |       |       |       |     1 |     1 ||     2
    Use: Potion            |       |     1 |     1 |     2 |     2 |     8 |     1 |    16 ||    31
         Scroll            |       |       |     7 |     8 |     9 |    16 |     3 |    16 ||    59
   Stab: Sleeping          |    15 |     4 |    19 |    15 |    45 |    66 |    88 |    46 ||   298
         Distracted        |       |     1 |     3 |     1 |     2 |    22 |    37 |    34 ||   100
         Paralysed         |       |       |     2 |     3 |       |       |       |       ||     5
         Held in net/web   |       |       |     1 |       |       |     1 |     3 |       ||     5
         Invisible         |       |       |       |     4 |       |     5 |       |     4 ||    13
         Confused          |       |       |       |       |       |       |       |     1 ||     1
 Armour: Robe              |    49 |    81 |   176 |       |       |       |       |       ||   306
         Steam dragon scal |       |       |    31 |       |       |       |       |       ||    31
         Troll leather arm |       |       |     3 |   197 |       |       |       |       ||   200
         Skin              |       |       |       |     7 |   307 |   356 |   272 |   329 ||  1271
  Dodge: Dodged            |    58 |    72 |   244 |   465 |   889 |  1100 |  1011 |  1007 ||  4846
  Block: Buckler           |       |       |     2 |   343 |   519 |   530 |   465 |   429 ||  2288
Riposte: Quick blade       |       |       |       |       |   125 |   359 |   318 |   283 ||  1085
   Form: Maw               |       |       |       |     1 |     2 |     1 |       |     1 ||     5
                           |       |       |       |       |     2 |     1 |       |     1 ||     4

Table legend: (Time is in decaauts)
 A = Elapsed time spent in this place.
 B = Non-inter-level travel time spent in this place.
 C = Inter-level travel time spent in this place.
 D = Time resting spent in this place.
 E = Time spent auto-exploring this place.
 F = Levels seen in this place.
 G = Mean time per level.
                   A        B        C        D        E       F      G
               +--------+--------+--------+--------+--------+-----+--------+
         Total |  62000 |  54913 |   7087 |   8112 |  32072 |  60 | 1033.3 |
       Dungeon |  17457 |  14211 |   3246 |   1896 |   9576 |  15 | 1163.8 |
          Lair |   6709 |   5686 |   1023 |    501 |   3395 |   5 | 1341.8 |
        Shoals |   3012 |   2745 |    267 |    169 |   1889 |   4 |  753.0 |
   Spider Nest |   4747 |   4061 |    686 |    614 |   2499 |   4 | 1186.8 |
  Orcish Mines |   1665 |   1447 |    218 |    340 |    729 |   2 |  832.5 |
   Elven Halls |   5449 |   5083 |    366 |   1317 |   2694 |   3 | 1816.3 |
        Vaults |   5898 |   5463 |    435 |    303 |   3797 |   4 | 1474.5 |
        Depths |   4284 |   3789 |    495 |    250 |   2533 |   4 | 1071.0 |
           Zot |   6563 |   6217 |    346 |   1153 |   3684 |   5 | 1312.6 |
         Abyss |   1463 |   1463 |      0 |     19 |     14 |   6 |  243.8 |
        Bazaar |    196 |    196 |      0 |      0 |     92 |   2 |   98.0 |
         Sewer |    904 |    904 |      0 |    202 |    492 |   1 |  904.0 |
      Ice Cave |    767 |    767 |      0 |    197 |     90 |   1 |  767.0 |
       Volcano |    323 |    323 |      0 |     27 |    186 |   1 |  323.0 |
        Wizlab |    273 |    273 |      0 |      0 |      0 |   1 |  273.0 |
    Desolation |   1657 |   1657 |      0 |    868 |    267 |   1 | 1657.0 |
      Gauntlet |    625 |    625 |      0 |    254 |    133 |   1 |  625.0 |
               +--------+--------+--------+--------+--------+-----+--------+

Top non-repeatable levels by time:
   Elf:3: 2904 daAuts
   Zot:3: 2145 daAuts
Vaults:3: 1795 daAuts
Depths:3: 1730 daAuts
  Lair:5: 1681 daAuts
Vaults:1: 1664 daAuts
Desolation: 1657 daAuts
     D:4: 1578 daAuts
Vaults:2: 1556 daAuts
     D:2: 1507 daAuts
     D:7: 1498 daAuts
    D:10: 1463 daAuts
Spider:4: 1460 daAuts
  Lair:3: 1442 daAuts
     D:5: 1389 daAuts
